 Dungeon Crawl Stone Soup version 0.27.1 (webtiles) character file.

Game seed: 5361478948206214344

4 Malachi the Insei (level 1, -1/13 HPs)
             Began as an Octopode Transmuter on Aug 26, 2021.
             Slain by a hobgoblin (4 damage)
             ... on level 1 of the Dungeon.
             The game lasted 00:00:28 (124 turns).

Malachi the Insei (Octopode Transmuter)              Turns: 124, Time: 00:00:29

Health: -1/13      AC:  1    Str:  9    XL:     1   Next: 60%
Magic:  3/3        EV: 13    Int: 15    God:
Gold:   5          SH:  0    Dex: 12    Spells: 3/4 levels left

rFire    . . .     SeeInvis .   c - +0 dagger
rCold    . . .     Faith    .   (no shield)
rNeg     . . .     Spirit   .   (helmet restricted)
rPois    .         Reflect  .   (no amulet)
rElec    .         Harm     .   (no ring)
rCorr    .         Rampage  .   (no ring)
Will     .....                  (no ring)
Stlth    ++........             (no ring)
HPRegen  0.04/turn              (no ring)
MPRegen  0.08/turn              (no ring)
                                (no ring)
                                (no ring)

@: no status effects
A: almost no armour, amphibious, 8 rings, camouflage 1, gelatinous body 1,
(nimble swimmer 1), tentacles
a: no special abilities


You were on level 1 of the Dungeon.
You visited 1 branch of the dungeon, and saw 1 of its levels.

You collected 5 gold pieces.

Inventory:

Hand Weapons
 c - a +0 dagger (weapon)
Scrolls
 a - a scroll of brand weapon {unknown}
Potions
 b - a potion of attraction {unknown}


   Skills:
 - Level 1.0 Fighting
 - Level 2.0 Dodging
 - Level 3.0 Unarmed Combat
 - Level 2.0 Spellcasting
 * Level 2.2 Transmutations
 * Level 0.8 Poison Magic


You had 3 spell levels left.
You knew the following spells:

 Your Spells              Type           Power      Damage    Failure   Level
a - Beastly Appendage     Tmut           16%        N/A       9%          1

Your spell library contained the following spells:

 Spells                   Type           Power      Damage    Failure   Level
 Wereblood                Tmut           8%         N/A       14%         2
 Spider Form              Tmut/Pois      3%         N/A       34%         3
 Ice Form                 Ice/Tmut       4%         N/A       80%         4
 Sticky Flame             Conj/Fire      1%         2d3       91%         4
 Summon Ice Beast         Ice/Summ       1%         N/A       91%         4
 Monstrous Menagerie      Summ           0%         N/A       100%        7


Dungeon Overview and Level Annotations

Branches:
Dungeon (1/15)

Altars:


Innate Abilities, Weirdness & Mutations

You cannot wear most types of armour.
You are amphibious.
You can wear up to eight rings at the same time.
Your skin changes colour to match your surroundings (Stealth+).
Your rubbery body absorbs attacks. (AC +1, EV +1)
((You are camouflaged near water. (Stealth+)))
You have tentacles for arms and can constrict up to eight enemies at once.


Message History

The kobold shouts!
The rat barely misses you.
You closely miss the rat. Your grab misses the rat.
Your transformation is almost over.
The rat bites you.
You barely miss the rat. You grab the rat. You squeeze the rat.
You kill the rat!
The kobold hits you but does no damage.
You miss the kobold. Your grab misses the kobold.
The kobold closely misses you.
You hit the kobold but do no damage. You grab the kobold.
You pierce the kobold.
Your squeeze misses the kobold.
The kobold is severely wounded.
You constrict the kobold.
You kill the kobold!
No target in view!
No target in view!
No target in view!
You start resting.
A hobgoblin comes into view.
A hobgoblin is nearby!
The hobgoblin barely misses you.
Things that are here:
a +0 short sword; 2 stones You hit the hobgoblin but do no damage.
Your grab misses the hobgoblin. The hobgoblin hits you.
You hit the hobgoblin. Your grab misses the hobgoblin.
The hobgoblin is moderately wounded.
Your tentacle spike disappears.
The hobgoblin hits you.
* * * LOW HITPOINT WARNING * * *
You are too injured to fight recklessly!
You are too injured to fight recklessly!
You closely miss the hobgoblin. Your grab misses the hobgoblin.
The hobgoblin is moderately wounded.
The hobgoblin barely misses you.
You barely miss the hobgoblin. Your grab misses the hobgoblin.
The hobgoblin is moderately wounded.
The hobgoblin hits you.
You die...

.#............
##...#....#.#
######.##.#.#
##.##.#)#
#.......######
#....#.......#
#.......###).#
##.##.#.###..#
#.##...##.†@#
#.###..##...g....#
#.# #..##...##.###
#.# #........ #
#.#.....##
.......# #.#.###.#
#.#. #.#


You could see a hobgoblin.

Vanquished Creatures
  A goblin (D:1)
  A kobold (D:1)
  A frilled lizard (D:1)
  A rat (D:1)
4 creatures vanquished.

Notes
Turn   | Place    | Note
-------+----------+-------------------------------------------
     0 | D:1      | Malachi the Octopode Transmuter began the quest for the
                  | Orb.
     0 | D:1      | Reached XP level 1. HP: 13/13 MP: 3/3
   103 | D:1      | Got the Volume of Beyond
   124 | D:1      | Slain by a hobgoblin

Illustrated notes

Levels and vault maps discovered:
D:1:      onia_arrival_pyramid, layout_loops_ring, minmay_rat_gold_closets

Action                   || total
-------------------------++-------
Melee: Dagger            ||    10
       Constrict         ||     2
       Tentacles         ||     2
       Kick              ||     1
 Cast: Beastly Appendage ||     2
 Stab: Sleeping          ||     1
Armor: Skin              ||     1
Dodge: Dodged            ||     4
